 Dungeon Crawl Stone Soup version 0.30-a0-883-g5ad918d (webtiles) character file.

Game seed: 3565525027940110293

58 Nithhogg the Trooper (level 4, -2/40 HPs)
             Began as a Hill Orc Fighter on Mar 16, 2023.
             Slain by a steam dragon (4 damage)
             ... on level 3 of the Dungeon.
             The game lasted 00:02:27 (1781 turns).

Nithhogg the Trooper (Hill Orc Fighter)             Turns: 1781, Time: 00:02:28

Health: -2/40      AC:  7    Str: 20    XL:     4   Next: 1%
Magic:  5/5        EV:  9    Int:  8    God:
Gold:   121        SH:  0    Dex: 10    Spells: 3/3 levels left

rFire   . . .      SeeInvis .    a - +0 war axe
rCold   . . .      Faith    .    (no shield)
rNeg    . . .      Spirit   .    b - +0 scale mail
rPois   .          Reflect  .    (no helmet)
rElec   .          Rampage  .    (no cloak)
rCorr   .                        (no gloves)
Will    .....                    (no boots) Stlth
                                 (no amulet)
HPRegen 0.26/turn                (no ring)
MPRegen 0.09/turn                (no ring)

@: no status effects
A: no striking features
a: no special abilities


You were on level 3 of the Dungeon.
You visited 1 branch of the dungeon, and saw 3 of its levels.

You collected 121 gold pieces.

Inventory:

Hand Weapons
 a - a +0 war axe (weapon)
 s - a +1 long sword of distortion
Armour
 b - a +0 scale mail (worn)
 c - a +0 buckler
Scrolls
 e - a scroll of magic mapping {unknown}
 f - 2 scrolls of amnesia {unknown}
 i - a scroll of acquirement {unknown}
 j - 3 scrolls of identify {unknown}
 n - a scroll of blinking {unknown}
 p - a scroll of teleportation {unknown}
 q - 2 scrolls of fear {unknown}
Potions
 d - a potion of might
 g - a potion of resistance {unknown}
 h - a potion of cancellation {unknown}
 k - 2 potions of flight {unknown}
 l - a potion of berserk rage {unknown}
 m - a potion of attraction {unknown}
 o - a potion of curing {unknown}
 r - a potion of heal wounds {unknown}


   Skills:
 + Level 4.1 Fighting
 * Level 4.1 Axes
 + Level 3.7 Armour
 - Level 3.2 Shields
 + Level 1.7 Invocations


You had 3 spell levels left.
You didn't know any spells.
Your spell library contained the following spells:

 Spells                   Type           Power      Damage    Failure   Level
 Ensorcelled Hibernation  Hex/Ice        0%         N/A       88%         2
 Static Discharge         Conj/Air       0%         2-2/arc   88%         2
 Spider Form              Tmut/Pois      0%         N/A       98%         3
 Vhi's Electric Charge    Tloc/Air       0%         N/A       98%         3
 Anguish                  Hex/Necr       0%         N/A       100%        4
 Arcjolt                  Conj/Air       0%         1d10      100%        5
 Lightning Bolt           Conj/Air       0%         1d11      100%        5
 Conjure Ball Lightning   Conj/Air       0%         3x3d6     100%        6
 Discord                  Hex            0%         N/A       100%        8
 Disjunction              Tloc           0%         N/A       100%        8


Dungeon Overview and Level Annotations

Branches:
Dungeon (3/15)

Altars:

Shops:
D:1 (


Message History

The quokka bites you but does no damage. x2
You closely miss the quokka.
The quokka is moderately wounded.
The quokka barely misses you.
You hit the quokka.
The quokka is almost dead.
The quokka misses you. The quokka closely misses you.
You hit the quokka.
You kill the quokka!
You have reached level 4!
Okay, then.
You see here a quokka corpse.
You now have 121 gold pieces (gained 8).
f - 2 scrolls labelled LABLETROPHA (gained 1)
Found a robe.
Found an escape hatch in the floor.
You see here a +1 long sword of distortion.
s - a +1 long sword of distortion
Found a robe.
A steam dragon comes into view.
The steam dragon hisses angrily.
A steam dragon is nearby!
Press: ? - help, v - describe, . - travel
Here: a steam dragon The floor.
You hit the steam dragon but do no damage.
The steam dragon bites you. The steam dragon claws you.
You hit the steam dragon but do no damage.
The steam dragon breathes steam at you. The ball of steam hits you!!
Ouch! That really hurt!
* * * LOW HITPOINT WARNING * * *
The steam dragon closely misses you.
The steam dragon claws you but does no damage.
Okay, then.
You closely miss the steam dragon.
You are engulfed in a cloud of scalding steam.
* * * LOW HITPOINT WARNING * * *
The steam dragon bites you.
You die...

##...####.# #......#...
#......#.....
####.#.#..#..... ##
................ .
..##............ #.
###..##...##.#...[.
#.##..............#...
#..ยงยง@D........##.##..
#..#.##.###.##. #.####
#.......# # ##.#.##.# #
#......# # ###.#### #
#.# # #.### # #...# #


You could see a steam dragon.

Vanquished Creatures
  2 adders
  A worm (D:3)
  A dart slug (D:1)
  5 endoplasms
  2 goblins (D:1)
  2 hobgoblins (D:1)
  5 jackals (D:1)
  2 quokkas
  A ball python (D:1)
  6 bats
  A frilled lizard (D:1)
  3 kobolds
  2 rats (D:1)
33 creatures vanquished.

Notes
Turn   | Place    | Note
-------+----------+-------------------------------------------
     0 | D:1      | Nithhogg the Hill Orc Fighter began the quest for the Orb.
     0 | D:1      | Reached XP level 1. HP: 19/19 MP: 1/1
    84 | D:1      | Reached XP level 2. HP: 23/27 MP: 2/2
   189 | D:1      | Found Naarupta's Antique Weapon Emporium.
   242 | D:1      | Reached skill level 1 in Invocations
   493 | D:1      | Reached XP level 3. HP: 30/33 MP: 3/3
  1613 | D:3      | Reached XP level 4. HP: 40/40 MP: 5/5
  1777 | D:3      | Noticed a steam dragon
  1781 | D:3      | HP: 1/40 [steam dragon] (10)]
  1781 | D:3      | Slain by a steam dragon

Illustrated notes

Levels and vault maps discovered:
D:1:      minmay_arrival_shoal_huts, layout_rooms, serial_shops, shop,
          dk_noncrumbling_2, item_on_display_a
D:2:      layout_basic, serial_curves, eino_curves_01, eino_curves_03
D:3:      layout_loops_cross

Skill      XL: |  1  2  3 |
---------------+----------+-----
Axes           | 3 4 |  4.1
Invocations    | 1 |  1.7
Fighting       | 4 |  4.1
Armour         | |  3.7
Shields        | |  3.2

Action                     |  1- 3 |  4- 6 || total
---------------------------+-------+-------++-------
  Melee: War axe           |   101 |     3 ||   104
         Punch             |     1 |       ||     1
 Armour: Scale mail        |    65 |     1 ||    66
  Dodge: Dodged            |    74 |     1 ||    75

Table legend: (Time is in decaauts)
 A = Elapsed time spent in this place.
 B = Non-inter-level travel time spent in this place.
 C = Inter-level travel time spent in this place.
 D = Time resting spent in this place.
 E = Time spent auto-exploring this place.
 F = Levels seen in this place.
 G = Mean time per level.
                   A        B        C        D        E       F      G
               +--------+--------+--------+--------+--------+-----+--------+
         Total |   1814 |   1752 |     62 |      0 |   1481 |   3 |  604.7 |
       Dungeon |   1814 |   1752 |     62 |      0 |   1481 |   3 |  604.7 |
               +--------+--------+--------+--------+--------+-----+--------+

Top non-repeatable levels by time:
     D:1: 747 daAuts
     D:2: 654 daAuts
     D:3: 411 daAuts
